 Dungeon Crawl Stone Soup version 0.28.0-45-g0d030f2227 (webtiles) character file.

Game seed: 7322766719662547952

82 SarahSagabaen the Charlatan (level 4, 0/48 HPs)
             Began as a Human Artificer on Apr 7, 2022.
             Succumbed to an adder's poison
             ... on level 3 of the Dungeon.
             The game lasted 00:14:55 (2512 turns).

SarahSagabaen the Charlatan (Human Artificer)       Turns: 2512, Time: 00:14:56

Health: 0/48       AC: 22    Str: 11 (13) XL:     4   Next: 70%
Magic:  4/4        EV:  2    Int: 10 (11) God:
Gold:   167        SH:  0    Dex: 12 (15) Spells: 3/3 levels left

rFire   . . .      SeeInvis .   h - +1 spear (flame)
rCold   . . .      Faith    .   (no shield)
rNeg    . . .      Spirit   .   (armour currently unavailable)
rPois   +          Reflect  .   (helmet currently unavailable)
rElec   .          Harm     .   (cloak currently unavailable)
rCorr   .          Rampage  .   (gloves currently unavailable)
Will    .....      NoTele   +   (boots currently unavailable)
Stlth   ++........              (no amulet)
HPRegen 0.16/turn               (no ring)
MPRegen 0.09/turn               (no ring)

@: lethally poisoned (0 -> -4), tree-form
A: stationary, stasis, torment immunity, boosted hp
a: no special abilities


You were on level 3 of the Dungeon.
You were a tree.
You visited 1 branch of the dungeon, and saw 4 of its levels.

You collected 167 gold pieces.

Inventory:

Hand Weapons
 h - a +1 spear of flaming (weapon)
 o - a +0 hunting sling
Missiles
 a - 30 sling bullets
 g - 20 bolts
Armour
 b - a +1 leather armour (melded)
Wands
 c - a wand of flame (1)
 d - a wand of charming (11)
Scrolls
 k - a scroll of amnesia {unknown}
 n - a scroll of teleportation
Miscellaneous
 e - a piece from Xom's chessboard (13/15)


   Skills:
 * Level 1.2 Fighting
 - Level 0.1 Maces & Flails
 * Level 0.4 Polearms
 * Level 1.4 Throwing
 * Level 2.5 Armour
 * Level 1.5 Dodging
 * Level 1.8 Stealth
 * Level 3.7 Evocations


You had 3 spell levels left.
You didn't know any spells.
Your spell library was empty.

Dungeon Overview and Level Annotations

Branches:
Dungeon (4/15)
 Temple: D:4-7

Altars:
Wu Jian


Message History

You closely miss something.
You feel sick. Something bites you.
You miss something.
You feel sick.
Something bites you but does no damage. x2
You miss something.
You feel sick. Something bites you.
You are more poisoned.
Something poisons you!
You hit something. You burn something.
You feel sick. Something bites you.
You closely miss something.
You feel sick. Something bites you.
* * * LOW HITPOINT WARNING * * *
You are lethally poisoned!
Something poisons you! Something bites you but does no damage.
It was a potion of degeneration.
There was something very wrong with that liquid.
You feel weakened.
You feel dopey.
You feel clumsy.
* * * LOW HITPOINT WARNING * * *
You feel very sick. Something bites you.
* * * LOW HITPOINT WARNING * * *
Really quaff the potion of lignification?
You turn into a tree.
Your +1 leather armour melds into your body.
Your roots penetrate the ground.
* * * LOW HITPOINT WARNING * * *
You feel sick. Something completely misses you.
Something bites you but does no damage.
You cannot move.
You cannot move.
You cannot move.
You cannot move.
You cannot move.
You cannot move.
You cannot move.
You cannot move.
You cannot teleport because you are held in place by your roots.
Unknown command.
There is a lethal amount of poison in your body!
* * * LOW HITPOINT WARNING * * *
You feel sick. Something bites you but does no damage.
* * * LOW HITPOINT WARNING * * *
You feel sick. Something bites you but does no damage.
You die...

#........###
#........#
###......###
#.........
#......### ########
#.....^# ##..##..##
#......#
##........##
##.#####
#......♣...# #.#
#..(...{...# #.#
##.....>..## #.#
###........## #.#
#...........# #.#
#...........# #.#
#.#........## #.#
#.##).##..#######.#
#.##.###..........#


There were no monsters in sight!

Vanquished Creatures
  A gnoll (D:3)
  An adder (D:2)
  A dart slug (D:2)
  6 ball pythons
  3 endoplasms
  4 goblins
  12 hobgoblins
  4 quokkas
  4 bats
  5 frilled lizards
  5 kobolds
  6 rats
52 creatures vanquished.

Vanquished Creatures (collateral kills)
  A worm (D:3)
  A goblin (D:2)
2 creatures vanquished.

Vanquished Creatures (others)
  A ball python (D:2)
  4 plants (D:1)
5 creatures vanquished.

Grand Total: 59 creatures vanquished

Notes
Turn   | Place    | Note
-------+----------+-------------------------------------------
     0 | D:1      | SarahSagabaen the Human Artificer began the quest for the
                  | Orb.
     0 | D:1      | Reached XP level 1. HP: 15/15 MP: 1/1
    43 | D:1      | Reached XP level 2. HP: 10/21 MP: 2/2
    88 | D:1      | HP: 1/21 [hobgoblin/+0 hand axe (3)]
   557 | D:1      | Reached skill level 1 in Throwing
   645 | D:1      | Reached XP level 3. HP: 26/26 MP: 3/3
   934 | D:2      | Found an ornate altar of the Wu Jian Council.
  1266 | D:2      | Found a faded altar of an unknown god.
  1357 | D:2      | Reached XP level 4. HP: 32/32 MP: 4/4
  2510 | D:3      | HP: 2/48 [poisoned by an adder]
  2512 | D:3      | Succumbed to an adder's poison

Illustrated notes

Levels and vault maps discovered:
D:1:      tarquinn_simple_flora_water_c, layout_rooms, minmay_surrounded
D:2:      layout_basic, hellmonk_ecumenical_altar_zigzags, basic_altar
D:3:      layout_basic, supply_closet_lemuel, st_stairs_5, minmay_crystal_water
D:4:      layout_rooms

Skill      XL: |  1  2 |
---------------+-------+-----
Throwing       | 1 |  1.4
Fighting       | |  1.2
Maces & Flails | |  0.1
Polearms       | |  0.4
Armour         | |  2.5
Dodging        | |  1.5
Stealth        | |  1.8
Evocations     | |  3.7

Action                   |  1- 3 |  4- 6 || total
-------------------------+-------+-------++-------
Melee: Club              |    16 |       ||    16
       Spear             |    10 |    30 ||    40
       Dagger            |     5 |       ||     5
Throw: Dart              |    13 |    16 ||    29
       Throwing net      |       |     2 ||     2
Evoke: Wand              |    15 |     3 ||    18
       Piece from Xom's  |     4 |     1 ||     5
  Use: Scroll            |     4 |     2 ||     6
       Potion            |       |     2 ||     2
 Stab: Sleeping          |     2 |     2 ||     4
       Petrified         |     2 |       ||     2
Armor: Leather armour    |    20 |    15 ||    35
       Skin              |       |     3 ||     3
Dodge: Dodged            |    78 |    14 ||    92
